 Dungeon Crawl Stone Soup version 0.15.2 (webtiles) character file.

361 Amnesiac the Insei (level 6, -2/48 HPs)
             Began as a Mummy Monk on Dec 27, 2017.
             Slain by Crazy Yiuf
             ... wielding a +3 quarterstaff of chaos
              (8 damage)
             ... on Level 1 of the Dungeon.
             The game lasted 00:09:54 (8047 turns).

Amnesiac the Insei (Mummy Monk)                     Turns: 8047, Time: 00:09:55

HP  -2/48        AC  0     Str 14      XL: 6   Next: 38%
MP   4/6         EV 13     Int  9      God:
Gold 236         SH  0     Dex 16      Spells:  0 memorised,  5 levels left

rFire  x . .     SeeInvis .       - Unarmed
rCold  + . .     Clarity  .     (no armour)
rNeg   + + +     rCorr    .     (no shield)
rPois  +         rRot     +     (no helmet)
rElec  .         Spirit   .     (no cloak)
SustAb .         Warding  .     (no gloves)
rMut   .         Stasis   .     (no boots)
Gourm  .                        (no amulet)
MR     .....                    (no ring)
                                (no ring)

@: slowed, very slow, not resistant to hostile enchantments, unstealthy
A: no food or potions, fire vulnerability, restore body, cold resistance 1,
negative energy resistance 3, poison resistance, torment resistance, unbreathing
a: no special abilities


You were on level 1 of the Dungeon.
You were not hungry.

You visited 1 branch of the dungeon, and saw 4 of its levels.

You collected 236 gold pieces.

Inventory:

Scrolls
 b - a scroll of remove curse {unknown}
 c - 2 scrolls of identify {unknown}
 d - a scroll of magic mapping {unknown}
 e - 2 scrolls of teleportation
 f - a scroll of recharging {unknown}
 g - a scroll of enchant armour {unknown}
 h - 2 scrolls of enchant weapon
 i - a scroll of blinking {unknown}


   Skills:
 + Level 4.2 Fighting
 - Level 2.4 Dodging
 - Level 1.5 Stealth
 * Level 5.9 Unarmed Combat


You had 5 spell levels left.
You didn't know any spells.

Dungeon Overview and Level Annotations

Branches:
Dungeon (4/15)             Temple (0/1) D:4

Altars:
Dithmenos
Elyvilon
Fedhas
Sif Muna

Annotations:
D:1 Crazy Yiuf
D:4 Dowan; Duvessa


Innate Abilities, Weirdness & Mutations

You do not eat or drink.
Your flesh is vulnerable to fire.
Your flesh is cold resistant.
You are immune to negative energy.
Your system is resistant to poisons.
You are immune to unholy pain and torment.
You can survive without breathing.


Message History

Crazy Yiuf closely misses you.
Crazy Yiuf hits you with a quarterstaff of chaos!
You hit Crazy Yiuf but do no damage.
Crazy Yiuf is moderately wounded.
Crazy Yiuf hits you with a quarterstaff of chaos!
You feel your power leaking away.
You punch Crazy Yiuf!
Crazy Yiuf is heavily wounded.
Crazy Yiuf hits you with a quarterstaff of chaos!
* * * LOW HITPOINT WARNING * * *
You hit Crazy Yiuf.
Crazy Yiuf is severely wounded.
Crazy Yiuf hits you with a quarterstaff of chaos!
* * * LOW HITPOINT WARNING * * *
Crazy Yiuf freezes you.
* * * LOW HITPOINT WARNING * * *
You barely miss Crazy Yiuf.
Crazy Yiuf is severely wounded.
Crazy Yiuf hits you with a quarterstaff of chaos!
You die...

#.##..###...≈
#####.##..# #...≈
#.....##..# ##...
#.######..# #...
#####.######..#####..
#.[.[.............#..
####.###.######..#####..
#........######.....##''
#.....g@.............#..
#.......#######(#####...
#.......## #.# #...
#........### ##.## #...
#>.....)...###...# #...
##########.(.....# ##..
#####...# ### #...#
#>..#


You could see Crazy Yiuf.

Vanquished Creatures
  2 orc priests
  2 orc wizards
  A worker ant (D:4)
  The ghost of soepske the Skirmisher, a weakling NaFi (D:3)
  2 gnolls
  5 adders
  A giant mite (D:4)
  4 worms
  2 giant geckos
  3 oozes
  7 orcs
  6 bats
  8 giant cockroaches
  11 hobgoblins
  13 jackals
  10 kobolds
  A quokka (D:2)
  A ball python (D:1)
  A giant newt (D:2)
  12 goblins
  6 rats
99 creatures vanquished.

Notes
Turn   | Place    | Note
--------------------------------------------------------------
     0 | D:1      | Amnesiac, the Mummy Monk, began the quest for the Orb.
     0 | D:1      | Reached XP level 1. HP: 18/18 MP: 1/1
   598 | D:1      | Reached XP level 2. HP: 18/24 MP: 2/2
   821 | D:2      | Reached skill level 4 in Unarmed Combat
  1002 | D:2      | Reached XP level 3. HP: 26/29 MP: 3/3
  1650 | D:2      | Reached XP level 4. HP: 18/35 MP: 4/4
  2948 | D:2      | Noticed Crazy Yiuf
  3288 | D:2      | Found a white marble altar of Elyvilon.
  3480 | D:3      | Noticed soepske's ghost (weakling NaFi)
  3535 | D:3      | Found a blossoming altar of Fedhas.
  3909 | D:3      | Reached skill level 5 in Unarmed Combat
  3909 | D:3      | Reached XP level 5. HP: 18/41 MP: 5/5
  4384 | D:4      | Found a staircase to the Ecumenical Temple.
  4753 | D:4      | Found a shadowy altar of Dithmenos.
  5316 | D:4      | Noticed Duvessa
  5316 | D:4      | Noticed Dowan
  5524 | D:3      | Found a deep blue altar of Sif Muna.
  5654 | D:3      | Killed soepske's ghost
  5687 | D:3      | HP: 2/42 [giant gecko (5)]
  6084 | D:3      | Reached XP level 6. HP: 27/48 MP: 6/6
  8047 | D:1      | Slain by Crazy Yiuf

Action                   |  1- 3 |  4- 6 || total
-------------------------+-------+-------++-------
Melee: Unarmed           |   112 |   330 ||   442
  Use: Scroll            |       |     2 ||     2
 Stab: Sleeping          |     3 |     3 ||     6
       Distracted        |     1 |     1 ||     2
